AoeStats
← NDF

Arabia

504874460Analyzed
2v2 RM · 25d ago on Sep 6, 2026· 58m 0s· 4 players
Game mode
Random Map
Map size
Medium (4 player)
Population
200
Speed
Normal
Resources
Standard
Victory
Conquest
Starting age
Dark Age
Ending age
Imperial Age
RankedLock teamsTeams togetherTeam positionsShared explorationLock speedFull tech treeHidden civsTurbo modeCheats
Victory
Defeat
🇲🇽 Mongols · Mexico
728
+15
🇲🇽 Teutons · Mexico
626
+19
🇦🇷 Teutons · Argentina
704
-17
🇦🇷 Spanish · Argentina
703
-17
Whitespooky
11:31 Feudal Age
12:20 Double-Bit Axe
12:16 Horse Collar
14:28 Wheelbarrow
14:34 Gold Mining
16:00 Scale Barding Armor
20:34 Castle Age
18:47 Fletching
20:03 Padded Archer Armor
21:20 Husbandry
21:33 Bloodlines
21:48 Heavy Plow
22:11 Light Cavalry
23:29 Thumb Ring
24:27 Bodkin Arrow
26:42 Ballistics
26:36 Forging
26:45 Hand Cart
33:17 Chain Barding Armor
36:36 Iron Casting
36:17 Leather Archer Armor
39:20 Scale Mail Armor
42:23 Imperial Age
41:29 Devotion
43:31 Bracer
43:59 Parthian Tactics
42:55 Heavy Cavalry Archer
42:59 Hussar
43:00 Cavalier
45:40 Siege Engineers
47:47 Heavy Camel Rider
47:47 Elite Steppe Lancer
48:56 Capped Ram
51:40 Drill
51:10 Siege Ram
51:13 Heavy Scorpion
57:08 Caravan
yoxan1312
12:49 Feudal Age
14:57 Wheelbarrow
15:40 Double-Bit Axe
19:50 Horse Collar
21:11 Scale Barding Armor
25:27 Castle Age
26:29 Bow Saw
26:23 Heavy Plow
26:41 Hand Cart
35:35 Scale Mail Armor
35:56 Chain Barding Armor
35:46 Forging
36:17 Gold Mining
36:17 Stone Mining
41:48 Imperial Age
40:36 Stone Shaft Mining
40:54 Chain Mail Armor
41:14 Iron Casting
43:00 Caravan
43:09 Cavalier
46:48 Plate Barding Armor
46:44 Plate Mail Armor
47:15 Blast Furnace
45:39 Paladin
48:39 Crop Rotation
47:59 Capped Ram
estebanpa
4:18 Loom
11:28 Feudal Age
12:15 Double-Bit Axe
17:27 Castle Age
15:43 Scale Mail Armor
15:30 Horse Collar
15:46 Stone Mining
16:26 Gold Mining
18:54 Heavy Plow
19:39 Stone Shaft Mining
20:56 Squires
22:30 Bow Saw
22:20 Pikeman
29:12 Murder Holes
34:06 Imperial Age
34:46 Ballistics
38:17 Chain Mail Armor
38:13 Forging
40:27 Hoardings
43:45 Plate Mail Armor
44:29 Halberdier
54:01 Redemption
54:17 Illumination
56:46 Block Printing
NDF
3:26 Loom
11:35 Feudal Age
15:52 Man-at-Arms
21:34 Castle Age
20:43 Arson
21:31 Horse Collar
21:40 Double-Bit Axe
21:49 Stone Mining
21:49 Gold Mining
22:47 Bow Saw
22:57 Bloodlines
31:28 Elite Skirmisher
Connection lost

Rejoining the realm…

Still unreachable

The connection could not be restored.

Session expired

The server has moved on; the page needs a fresh start.